General information
- name: grudge09
- type: Custom game
- host: tanuki
- saver: VELOX_NEB
map: EchoIsles
- players: 8
- length: 46:24
- speed: Fast
- version: 1.21 W3XP
- replay type: Public
» download(338 KB)
Players
team 1 (winner)
GOKUMaN69 (
pink | 97 APM | 4507 actions | 46:22)
6 Blademaster
3 Wind Walk
2 Critical Strike
1 Bladestorm
5 Shadow Hunter
3 Hex
2 Healing Wave
» actions
| Assign group hotkey | 56 | |
| Basic commands | 15 | |
| Build / train | 139 | |
| Enter build submenu | 57 | |
| Enter hero's abilities submenu | 11 | |
| Give item / drop item | 3 | |
| Remove unit from queue | 7 | |
| Right click | 2505 | |
| Select / deselect | 1112 | |
| Select group hotkey | 305 | |
| Use ability | 296 | |
4507 total
» units
| Peon | 28 | |
| Grunt | 7 | |
| Raider | 7 | |
| Wind Rider | 6 | |
| Demolisher | 3 | |
| Spirit Walker | 1 | |
| Troll Batrider | 29 | |
81 total
» upgrades
| Berserker Strength | 1 | |
| Ensnare | 1 | |
| Reinforced Defenses | 1 | |
3 total
» buildings
| Altar of Storms | 3 | |
| Orc Burrow | 9 | |
| Barracks | 1 | |
| Voodoo Lounge | 3 | |
| Stronghold | 1 | |
| Beastiary | 2 | |
| Spirit Lodge | 2 | |
| War Mill | 2 | |
| Great Hall | 4 | |
| Fortress | 2 | |
| Watch Tower | 23 | |
52 total
» build order
00:05 Altar of Storms
00:22 Orc Burrow
00:38 Barracks
01:34 Orc Burrow
02:02 Voodoo Lounge
03:05 Stronghold
04:37 Orc Burrow
05:32 Beastiary
05:48 Spirit Lodge
06:48 Spirit Lodge
07:24 Orc Burrow
10:39 Orc Burrow
12:41 War Mill
13:51 Great Hall
14:11 Orc Burrow
14:29 Great Hall
16:21 Orc Burrow
16:22 Fortress
16:22 Fortress
25:03 Great Hall
25:06 Great Hall
25:09 War Mill
25:27 Watch Tower
25:44 Watch Tower
26:30 Watch Tower
27:23 Watch Tower
28:07 Watch Tower
28:19 Watch Tower
28:33 Watch Tower
28:54 Watch Tower
29:40 Watch Tower
29:58 Watch Tower
30:10 Orc Burrow
30:57 Orc Burrow
32:05 Watch Tower
32:35 Watch Tower
33:31 Watch Tower
33:46 Watch Tower
35:44 Beastiary
35:46 Altar of Storms
35:57 Watch Tower
36:04 Watch Tower
36:05 Watch Tower
36:09 Voodoo Lounge
36:19 Watch Tower
36:47 Watch Tower
39:59 Voodoo Lounge
40:02 Watch Tower
40:03 Watch Tower
40:05 Watch Tower
40:53 Watch Tower
43:01 Altar of Storms
» items
| Boots of Speed | 2 | |
| Potion of Healing | 2 | |
| Healing Salve | 7 | |
| Lesser Clarity Potion | 9 | |
| Scroll of Speed | 1 | |
| Orb of Lightning | 2 | |
| Claws of Attack +6 | 1 | |
| Potion of Lesser Invulnerability | 4 | |
28 total
team 2 (loser)
erz (
red | 145 APM | 6743 actions | 46:22)
7 Mountain King
3 Storm Bolt
3 Bash
1 Avatar
4 Archmage
1 Blizzard
3 Brilliance Aura
» actions
| Assign group hotkey | 1928 | |
| Basic commands | 55 | |
| Build / train | 168 | |
| ESC pressed | 4 | |
| Enter build submenu | 54 | |
| Enter hero's abilities submenu | 12 | |
| Give item / drop item | 11 | |
| Right click | 2739 | |
| Select / deselect | 561 | |
| Select group hotkey | 945 | |
| Use ability | 266 | |
6743 total
» units
| Peasant | 42 | |
| Footman | 7 | |
| Dragonhawk Rider | 20 | |
| Gryphon Rider | 9 | |
78 total
» upgrades
| Masonry | 2 | |
| Storm Hammers | 1 | |
| Cloud | 1 | |
| Animal War Training | 1 | |
| Armor | 3 | |
8 total
» buildings
| Altar of Kings | 1 | |
| Barracks | 2 | |
| Farm | 11 | |
| Scout Tower | 26 | |
| Arcane Tower | 3 | |
| Arcane Vault | 3 | |
| Town Hall | 2 | |
| Lumber Mill | 2 | |
| Guard Tower | 18 | |
| Keep | 2 | |
| Blacksmith | 1 | |
| Gryphon Aviary | 3 | |
| Castle | 1 | |
75 total
» build order
00:07 Altar of Kings
00:19 Barracks
00:33 Farm
00:56 Farm
01:37 Farm
01:41 Scout Tower
02:06 Farm
02:31 Arcane Tower
04:01 Arcane Vault
05:16 Scout Tower
05:37 Town Hall
05:40 Scout Tower
05:47 Arcane Tower
06:11 Arcane Tower
06:33 Lumber Mill
07:02 Scout Tower
07:03 Scout Tower
07:08 Scout Tower
07:08 Scout Tower
07:16 Scout Tower
07:16 Scout Tower
07:31 Farm
07:32 Guard Tower
07:51 Guard Tower
07:52 Guard Tower
08:01 Guard Tower
09:09 Guard Tower
10:08 Scout Tower
10:08 Scout Tower
10:08 Scout Tower
10:13 Scout Tower
10:41 Guard Tower
10:58 Lumber Mill
11:03 Scout Tower
11:03 Scout Tower
11:39 Guard Tower
11:40 Guard Tower
11:40 Guard Tower
12:18 Guard Tower
12:33 Town Hall
12:51 Scout Tower
12:52 Scout Tower
12:52 Scout Tower
12:53 Scout Tower
12:54 Scout Tower
12:56 Scout Tower
12:57 Scout Tower
13:17 Keep
13:17 Keep
13:27 Guard Tower
13:42 Guard Tower
13:52 Guard Tower
14:52 Guard Tower
15:17 Blacksmith
15:42 Gryphon Aviary
15:44 Gryphon Aviary
17:01 Arcane Vault
18:08 Castle
18:13 Farm
18:21 Scout Tower
18:21 Scout Tower
18:44 Arcane Vault
18:59 Guard Tower
19:03 Farm
19:04 Farm
19:04 Farm
19:41 Farm
19:41 Farm
19:55 Gryphon Aviary
22:14 Scout Tower
22:15 Scout Tower
22:42 Guard Tower
24:05 Barracks
24:07 Guard Tower
24:14 Guard Tower
» items
| Staff of Teleportation | 1 | |
| Dust of Appearance | 2 | |
| Scroll of Regeneration | 9 | |
| Lesser Clarity Potion | 11 | |
| Boots of Speed | 1 | |
| Potion of Lesser Invulnerability | 3 | |
| Potion of Invisibility | 2 | |
| Scroll of Town Portal | 2 | |
| Potion of Healing | 7 | |
| Ivory Tower | 3 | |
| Staff of Sanctuary | 1 | |
| Potion of Mana | 1 | |
| Sentry Wards | 1 | |
44 total
refereestanuki,
DasSporkMeister,
Goonswithspoons,
fineX,
NasbiN,
VELOX_NEB Chat log
(00:00) fineX: z wanna move to canada
(00:08 / Referees) fineX: i wasnt lying about the onboard video thing
(00:11 / Referees) DasSporkMeister: how in the fuck does finex load slower than my onboard video laptop
(00:12 / Referees) fineX: this game looks like wc2
(00:12 / Referees) Goonswithspoons: WPW
(00:22 / Referees) fineX: i am onboard video das lol.......
(00:23 / Referees) tanuki: wc2
(00:24 / Referees) Goonswithspoons: 3 war2
(00:28 / Referees) Goonswithspoons: 3d
(00:29 / Referees) DasSporkMeister: teh
(00:35 / Referees) tanuki: we should move clan twt/towa
(00:35 / Referees) fineX: it p. sux
(00:46 / Referees) Goonswithspoons: I gots a $19 video card is that better then an onboard
(00:48 / Referees) DasSporkMeister: i invented that meme fyi
(00:52 / Referees) DasSporkMeister: idk how it got popular
(01:05 / Referees) fineX: heye veryone
(01:11 / Referees) fineX: das pork meister is perma banned from sa for pedophilia
(01:19 / Referees) Goonswithspoons: wow
(01:21 / Referees) Goonswithspoons: WOW
(01:24 / Referees) fineX: he told me not to tell anyone but i tell u dudes neway
(01:28 / Referees) DasSporkMeister: self permabanned f y i
(01:33 / Referees) DasSporkMeister: i have an acct
(01:34 / Referees) Goonswithspoons: was he your gay lover
(01:35 / Referees) fineX: for pedophilia lol
(01:36 / Referees) Goonswithspoons: tell us more
(01:42 / Referees) fineX: ya he was
(01:44 / Referees) Goonswithspoons: wow
(01:48 / Referees) fineX: i reamhis asshole with my mighty weapon
(01:50 / Referees) DasSporkMeister: finex is gay fyi
(01:55 / Referees) fineX: aslo he likes anime
(01:59 / Referees) DasSporkMeister: watch that militia go
(02:00 / Referees) Goonswithspoons: lol mighty weapon
(02:13 / Referees) DasSporkMeister: build dat house get hype
(02:16 / Referees) fineX: i give u all da dirt on dass prok meister
(02:20 / Referees) Goonswithspoons: ts a farm
(02:29 / Referees) DasSporkMeister: farms can have houses
(02:31 / Referees) DasSporkMeister: gosh
(02:36 / Referees) Goonswithspoons: no
(02:38 / Referees) Goonswithspoons: NO THEY CANT
(02:41 / Referees) DasSporkMeister: do u think the amish live in the fields
(02:43 / Referees) fineX: but u can not has posts!! lol!!!
(02:45 / Referees) DasSporkMeister: what are u crazy
(02:55 / Referees) Goonswithspoons: thats not a farm
(02:58 / Referees) fineX: lol
(03:00 / Referees) fineX: bye tower rush
(03:08 / Referees) fineX: o wait
(03:10 / Referees) Goonswithspoons: whayt is this
(03:11 / Referees) fineX: where is the mill
(03:15 / Referees) NasbiN: great call bro
(03:23 / Referees) Goonswithspoons: ahaha
(03:23 / Referees) DasSporkMeister: owned
(03:24 / Referees) Goonswithspoons: gloves
(03:29 / Referees) fineX: erz rly likes his
(03:31 / Referees) DasSporkMeister: itt ownage
(03:32 / Referees) fineX: militia
(03:32 / Referees) Goonswithspoons: no more mana
(03:35 / Referees) fineX: militia his fav unit
(03:44 / Referees) fineX: he use it for EVERYTHING
(03:59 / Referees) DasSporkMeister: no munin!
(04:00 / Referees) Goonswithspoons: goku gettin rocked
(04:01 / Referees) DasSporkMeister: no dont die!
(04:04 / Referees) DasSporkMeister: dont die munin!
(04:09 / Referees) fineX: rock em sock em robits
(04:17 / Referees) Goonswithspoons: row bots
(04:21 / Referees) fineX: robits
(04:23 / Referees) DasSporkMeister: munin runin for da hills
(04:27 / Referees) fineX: attack da creep
(04:31 / Referees) fineX: attack da creep erz
(04:32 / Referees) fineX: u foo
(04:32 / Referees) NasbiN: gg
(04:34 / Referees) DasSporkMeister: dota skills
(04:35 / Referees) DasSporkMeister: itt
(04:37 / Referees) fineX: erz u fool
(04:47 / Referees) VELOX_NEB: goku u fool
(04:48 / Referees) Goonswithspoons: the militia men
(04:49 / Referees) Goonswithspoons: r here
(04:51 / Referees) DasSporkMeister: what a hot juke ughhh im cummin
(04:51 / Referees) VELOX_NEB: erz staffed
(04:55 / Referees) VELOX_NEB: easy mk kill
(04:55 / Referees) fineX: erz so love militia
(04:57 / Referees) tanuki: could have killed
(04:58 / Referees) tanuki: ahaha
(05:12 / Referees) Goonswithspoons: losin those footmen like theres no tomorrow
(05:13 / Referees) DasSporkMeister: they r havin a party
(05:17 / Referees) fineX: erz pulled that shiut with me when i was 1v1 him too
(05:24 / Referees) DasSporkMeister: the militia are discussin the plans for this town
(05:27 / Referees) Goonswithspoons: towa
(05:34 / Referees) Goonswithspoons: scoutz and towas
(05:40 / Referees) fineX: shut up
(06:01 / Referees) fineX: lol goku gon die
(06:10 / Referees) fineX: go bolt him erz
(06:13 / Referees) DasSporkMeister: he fucked
(06:22 / All) DasSporkMeister: enjoy your assrape
(06:26 / Referees) Goonswithspoons: ahaha
(06:28 / Referees) Goonswithspoons: owned
(06:29 / Referees) fineX: lol erz
(06:30 / Referees) fineX: hahahahaha
(06:58 / Referees) fineX: erz mite lose
(06:59 / Referees) DasSporkMeister: guys check it pinks got a positional advantage O_O
(07:05 / Referees) fineX: like wat da fukk he doin
(07:08 / Referees) fineX: still not t2
(07:15 / Referees) fineX: no aa w/s/e
(07:16 / Referees) DasSporkMeister: fuckin owned that footman!!!!
(07:38 / Referees) DasSporkMeister: more towers
(07:39 / Referees) DasSporkMeister: erz
(07:40 / Referees) DasSporkMeister: more
(07:41 / Referees) DasSporkMeister: more!!!!
(07:48 / Referees) fineX: damm he gonna rape dat grunt's mana...
(07:50 / Referees) DasSporkMeister: no erz!!!
(07:51 / Referees) fineX: o.. wait....
(07:52 / Referees) DasSporkMeister: no!!!
(08:02 / Referees) fineX: man erz
(08:03 / Referees) fineX: wat
(08:04 / Referees) fineX: da
(08:04 / Referees) DasSporkMeister: no!!!!!!!!!!!!!!!!!!!!!!!!!!!!!!!!!!!!
(08:05 / Referees) fineX: fuk
(08:05 / Referees) fineX: u
(08:06 / Referees) fineX: doin
(08:14 / Referees) DasSporkMeister: lol
(08:17 / Referees) DasSporkMeister: gettin owned tahts what
(08:21 / Referees) Goonswithspoons: fukkin peon
(08:23 / Referees) DasSporkMeister: it had 1 hp
(08:24 / Referees) Goonswithspoons: almost lived
(08:24 / Referees) DasSporkMeister: lol
(08:39 / Referees) fineX: erz mk runnin around like a downs baby
(08:40 / Referees) Goonswithspoons: ahaha
(08:44 / Referees) Goonswithspoons: repairen
(08:49 / Referees) Goonswithspoons: they cant kill it
(08:56 / Referees) DasSporkMeister: kill the peons u dum
(09:01 / Referees) fineX: FITE DA PES ERZ
(09:03 / Referees) DasSporkMeister: the peons!!! they are the life and blood
(09:06 / Referees) DasSporkMeister: of the orc race
(09:07 / Referees) fineX: well it is waste gokuman resource
(09:14 / Referees) fineX: erz no tp LOL
(09:33 / Referees) DasSporkMeister: hahahahahaha
(09:37 / Referees) DasSporkMeister: he couldnt even kill the burrow
(09:40 / Referees) Goonswithspoons: this is amazing
(09:50 / All) fineX: ERZ GET U HED OUT OF U FUKKIN ASS I THOT U WAS GOOD AT THIS GAME
(09:57 / Referees) DasSporkMeister: lol
(10:00 / Referees) Goonswithspoons: what hte
(10:05 / All) erz: i just woke up!!
(10:08 / All) fineX: get
(10:09 / All) fineX: u
(10:10 / Referees) fineX: Hed
(10:13 / All) fineX: hed
(10:14 / All) fineX: out
(10:16 / All) fineX: of
(10:17 / All) fineX: U
(10:18 / All) Goonswithspoons: fd
(10:19 / All) fineX: fukkin
(10:21 / All) fineX: ass
(10:27 / All) Goonswithspoons: manner up please
(10:34 / Referees) DasSporkMeister: manner down
(10:41 / All) fineX: its ok we all friends in here
(10:49 / Referees) DasSporkMeister: hahaha
(10:52 / Referees) NasbiN: no lumba
(10:57 / Referees) fineX: gg erz glad u got rifles
(11:01 / Referees) NasbiN: a sad tale of a man without wood
(11:06 / Referees) NasbiN: needs some viagra
(11:09 / Referees) Goonswithspoons: finexs life
(11:11 / Referees) DasSporkMeister: great dickjoke
(11:12 / Referees) fineX: both got no wood
(11:20 / Referees) DasSporkMeister: lmao
(11:44 / Referees) fineX: erz: tower bettr than tech 15 min in imo
(11:47 / Referees) Goonswithspoons: what the
(11:47 / Referees) DasSporkMeister: hes onto him
(11:51 / Referees) Goonswithspoons: ahaha
(11:52 / Referees) DasSporkMeister: lol
(11:54 / Referees) DasSporkMeister: that owned
(12:21 / Referees) Goonswithspoons: that raider gt rocked
(12:21 / All) fineX: this sux imma watch it l8r k
(12:27 / All) Goonswithspoons: no manner
(12:55 / All) DasSporkMeister: fineX has left the game.
(13:06 / Referees) Goonswithspoons: yes erz getmore peasants
(13:06 / All) DasSporkMeister: fineX has left the game.
(13:29 / All) DasSporkMeister: nuclear launch detected: in fineX's toilet.
(13:30 / Referees) Goonswithspoons: lol
(13:32 / Referees) Goonswithspoons: towers
(13:34 / All) GOKUMaN69: STFU
(13:36 / All) GOKUMaN69: noob
(13:40 / Referees) VELOX_NEB: it is clan tower
(13:46 / Referees) VELOX_NEB: and stop the all chat please
(13:51 / Referees) VELOX_NEB: have some manner
(13:54 / Referees) Goonswithspoons: yeah
(13:55 / Referees) Goonswithspoons: geeze
(14:23 / Referees) NasbiN: sad tale of the peon
(14:23 / Referees) DasSporkMeister: lol
(14:24 / Referees) Goonswithspoons: uh oh
(14:38 / Referees) Goonswithspoons: unnin from that militia
(14:44 / Referees) DasSporkMeister: look at that mountain king go!
(14:50 / Referees) Goonswithspoons: wow
(15:09 / Referees) Goonswithspoons: lol
(15:20 / Referees) Goonswithspoons: go demo go
(15:37 / Referees) Goonswithspoons: ahaha
(15:47 / Referees) DasSporkMeister: repair the tower that isnt gonna die that will help
(16:10 / Referees) Goonswithspoons: he has no military units
(16:19 / Referees) DasSporkMeister: he mite soon
(16:24 / Referees) Goonswithspoons: no wood
(16:33 / Referees) Goonswithspoons: well
(16:34 / Referees) DasSporkMeister: a problem many goons fae
(17:46 / Referees) Goonswithspoons: claws
(17:49 / Referees) Goonswithspoons: what
(19:02 / Referees) DasSporkMeister: lol
(19:07 / Referees) DasSporkMeister: gokuman mite lose this...
(19:36 / Referees) Goonswithspoons: yeah
(19:37 / Referees) Goonswithspoons: no aa
(19:48 / Referees) Goonswithspoons: lost da raiders
(19:56 / Referees) DasSporkMeister: teh raiders lose every season...
(20:34 / Referees) DasSporkMeister: lol
(21:36 / Referees) Goonswithspoons: noo
(21:50 / Referees) Goonswithspoons: yess
(21:50 / Referees) DasSporkMeister: ggggggg
(22:36 / Referees) Goonswithspoons: gokus mine almost gone
(22:44 / Referees) DasSporkMeister: erz' mine is done
(23:35 / Referees) Goonswithspoons: those claws
(23:37 / Referees) Goonswithspoons: are still there
(23:38 / Referees) DasSporkMeister: this is truely an epic battle
(24:06 / Referees) DasSporkMeister: yo check out dat orc
(24:10 / Referees) DasSporkMeister: just chillin by the goldmine
(24:14 / Referees) Goonswithspoons: pimp ass orc
(24:18 / Referees) Goonswithspoons: he killed two peasants
(24:23 / Referees) DasSporkMeister: i bet he feels happy
(24:27 / Referees) DasSporkMeister: like "yea i did somethin"
(24:33 / Referees) Goonswithspoons: uh oh
(24:44 / Referees) DasSporkMeister: iuf he had just expanded there earlier erz coulda won...
(24:46 / Referees) Goonswithspoons: yeah goku is done pm
(25:12 / Referees) Goonswithspoons: if goku had hit his main he would have won
(25:18 / Referees) Goonswithspoons: for a while it had no towers and no units
(25:43 / Referees) Goonswithspoons: needs bats
(25:52 / Referees) DasSporkMeister: the ends justify da means
(26:03 / Referees) Goonswithspoons: once that bm is lvl 6
(26:04 / Referees) Goonswithspoons: damn
(26:32 / Referees) Goonswithspoons: was that the cool orc :(
(26:36 / Referees) Goonswithspoons: it was
(26:38 / Referees) Goonswithspoons: damn
(26:41 / Referees) DasSporkMeister: nooo
(26:46 / Referees) DasSporkMeister: pimp orc i will miss u
(26:50 / Referees) Goonswithspoons: :(
(27:35 / Referees) Goonswithspoons: got a expansion up though
(27:53 / Referees) DasSporkMeister: yeah if he gets some bats it will be gg
(27:58 / Referees) Goonswithspoons: yeah
(28:06 / Referees) Goonswithspoons: erzs exp is alrady half done
(28:10 / Referees) VELOX_NEB: he's got to get the fortified upgrade
(28:11 / Referees) Goonswithspoons: and nothing to show
(28:27 / Referees) Goonswithspoons: yeah
(28:37 / Referees) Goonswithspoons: still has tp
(28:44 / Referees) Goonswithspoons: will he ever use it
(28:51 / Referees) Goonswithspoons: nope
(28:53 / Referees) Goonswithspoons: just runnin
(28:53 / Referees) VELOX_NEB: he needs a fucking staff on that bm
(29:12 / Referees) Goonswithspoons: gettin fortified
(29:20 / Referees) DasSporkMeister: just tp...
(29:37 / Referees) DasSporkMeister: !!
(29:50 / Referees) DasSporkMeister: too many towas
(29:52 / Referees) DasSporkMeister: gg
(30:25 / Referees) Goonswithspoons: FINALLY
(30:31 / Referees) Goonswithspoons: erz got da claws
(31:15 / Referees) Goonswithspoons: he has used his sirit lodge once
(31:19 / Referees) DasSporkMeister: twice
(31:22 / Referees) DasSporkMeister: heheheeheh
(31:23 / Referees) Goonswithspoons: ?
(31:25 / Referees) Goonswithspoons: danggg
(31:29 / Referees) DasSporkMeister: 2 spirit walkazz
(31:32 / Referees) Goonswithspoons: ah
(31:36 / Referees) Goonswithspoons: only thought one
(31:46 / Referees) Goonswithspoons: ahaha
(31:49 / Referees) DasSporkMeister: oh
(31:50 / Referees) DasSporkMeister: oh
(31:52 / Referees) DasSporkMeister: oh
(31:53 / Referees) DasSporkMeister: no
(31:57 / Referees) DasSporkMeister: oh!!
(31:58 / Referees) Goonswithspoons: oh shit
(32:12 / Referees) Goonswithspoons: still has the hawks
(32:14 / Referees) Goonswithspoons: bye bye towers
(32:20 / Referees) DasSporkMeister: lol
(32:23 / Referees) Goonswithspoons: or not
(32:24 / Referees) VELOX_NEB: needed boots on the sh
(32:25 / Referees) DasSporkMeister: hahaha
(32:29 / Referees) VELOX_NEB: that was a dumb little raid
(32:32 / Referees) Goonswithspoons: bats
(32:34 / Referees) Goonswithspoons: bats spotted
(32:49 / Referees) Goonswithspoons: anything can be won by enough bats
(33:02 / Referees) Goonswithspoons: yeah
(33:05 / Referees) Goonswithspoons: useless towers
(33:32 / Referees) Goonswithspoons: the tp!
(33:33 / Referees) DasSporkMeister: lol
(33:42 / Referees) DasSporkMeister: check out that hawk gettin owned
(33:42 / Referees) DasSporkMeister: heh
(33:46 / Referees) Goonswithspoons: ahaha
(33:52 / Referees) Goonswithspoons: no hawks left
(33:55 / Referees) DasSporkMeister: stop makin
(33:57 / Referees) DasSporkMeister: griffons omfg
(34:02 / Referees) Goonswithspoons: his second mine is almost out
(34:04 / Referees) Goonswithspoons: 3k left
(34:11 / Referees) Goonswithspoons: he has gotten nowhere with thta 9k
(34:12 / Referees) DasSporkMeister: gotta make a miracle here
(34:14 / Referees) DasSporkMeister: folks
(34:31 / Referees) Goonswithspoons: so close to bladestorm
(34:32 / Referees) DasSporkMeister: take out the beastiary
(34:36 / Referees) DasSporkMeister: and go for the gold
(34:38 / Referees) DasSporkMeister: O_O
(34:41 / Referees) Goonswithspoons: uh oh
(34:44 / Referees) Goonswithspoons: thats alot of gryphs
(34:49 / Referees) Goonswithspoons: no tp left lol
(35:06 / Referees) Goonswithspoons: there he goes
(35:11 / Referees) DasSporkMeister: hahaha
(35:16 / Referees) Goonswithspoons: BS
(35:17 / Referees) DasSporkMeister: 6
(35:28 / Referees) Goonswithspoons: uhh
(35:38 / Referees) Goonswithspoons: WTF
(35:39 / Referees) DasSporkMeister: nice
(35:41 / Referees) Goonswithspoons: WHAT
(35:44 / Referees) DasSporkMeister: hahaha
(35:44 / Referees) Goonswithspoons: WHAT
(35:46 / Referees) DasSporkMeister: ahahaha
(35:47 / Referees) tanuki: so he didnt get stunned
(35:48 / Referees) tanuki: lol
(35:51 / Referees) tanuki: DOTA
(35:52 / Referees) Goonswithspoons: HE COULD HAVE KILLED ALL
(35:53 / Referees) DasSporkMeister: i know it was funny
(36:03 / Referees) Goonswithspoons: well there was the miracle
(36:42 / Referees) DasSporkMeister: 1.5k left
(36:47 / Referees) DasSporkMeister: can erz do it!?!!?
(36:55 / Referees) Goonswithspoons: has more hawks
(36:56 / Referees) Goonswithspoons: so yes
(37:00 / Referees) VELOX_NEB: it's still anyone's game
(37:05 / Referees) Goonswithspoons: eh
(37:06 / Referees) VELOX_NEB: erz must hit now
(37:07 / Referees) Goonswithspoons: he has no bats left
(37:12 / Referees) DasSporkMeister: cmon...
(37:13 / Referees) VELOX_NEB: can build more
(37:16 / Referees) DasSporkMeister: cmon...
(37:18 / Referees) DasSporkMeister: cmon...
(37:20 / Referees) VELOX_NEB: if john can hang on
(37:33 / Referees) VELOX_NEB: he will win the resource race
(37:39 / Referees) VELOX_NEB: remember also
(37:45 / Referees) Goonswithspoons: how much mana is bladestorm again
(37:52 / Referees) VELOX_NEB: john plays about 12 hrs of tower games a day
(37:56 / Referees) VELOX_NEB: 200
(37:57 / Referees) tanuki: true
(38:00 / Referees) Goonswithspoons: hmm
(38:08 / Referees) Goonswithspoons: those towers are going downthough
(38:19 / Referees) DasSporkMeister: lol
(38:36 / Referees) Goonswithspoons: uh oh
(38:42 / Referees) Goonswithspoons: aha
(38:58 / Referees) DasSporkMeister: !!
(39:00 / Referees) DasSporkMeister: wowww
(39:04 / Referees) Goonswithspoons: dang
(39:27 / Referees) Goonswithspoons: needs to repair
(39:54 / Referees) Goonswithspoons: shit
(40:17 / Referees) DasSporkMeister: ahahahaha
(40:18 / Referees) DasSporkMeister: ahahaha
(40:20 / Referees) Goonswithspoons: damn
(40:48 / Referees) DasSporkMeister: gokus gonna hold i think
(40:52 / Referees) Goonswithspoons: second voodoo lounge
(41:12 / Referees) Goonswithspoons: ouch
(41:14 / Referees) DasSporkMeister: lol
(41:24 / Referees) DasSporkMeister: whelp
(41:25 / Referees) DasSporkMeister: thats gg
(41:26 / Referees) Goonswithspoons: ahahaha
(41:27 / Referees) Goonswithspoons: yeah
(41:30 / Referees) Goonswithspoons: no gold left
(41:30 / Referees) VELOX_NEB: no it's not
(41:35 / Referees) VELOX_NEB: john has gold
(41:41 / Referees) VELOX_NEB: erz doesn't
(41:45 / Referees) Goonswithspoons: exactly
(41:56 / Referees) Goonswithspoons: oh shit
(42:00 / Referees) Goonswithspoons: rocked
(43:01 / Referees) Goonswithspoons: damn
(43:11 / Referees) Goonswithspoons: should have been building another town
(43:19 / Referees) DasSporkMeister: omg
(43:26 / Referees) DasSporkMeister: ahahaha
(43:28 / Referees) Goonswithspoons: oh shuit
(43:30 / Referees) Goonswithspoons: last hawk
(43:31 / Referees) Goonswithspoons: down
(43:32 / Referees) VELOX_NEB: now it's game
(43:35 / Referees) VELOX_NEB: john wins
(43:38 / Referees) Goonswithspoons: yeah
(43:40 / Referees) DasSporkMeister: 1 hawk there
(43:41 / Referees) Goonswithspoons: oh
(43:41 / Referees) tanuki: go to zee tavernnnn
(43:42 / Referees) DasSporkMeister: one
(43:43 / Referees) DasSporkMeister: hawk
(43:43 / Referees) Goonswithspoons: hmm
(43:45 / Referees) DasSporkMeister: one hawk!!!
(43:51 / Referees) VELOX_NEB: one hawk won't mean much
(43:53 / Referees) Goonswithspoons: gonna die to bats
(43:55 / Referees) VELOX_NEB: and w/o item
(43:59 / Referees) DasSporkMeister: ya
(44:00 / Referees) VELOX_NEB: mk will be easy kill
(44:47 / Referees) Goonswithspoons: mage back up
(45:05 / Referees) Goonswithspoons: shit
(45:05 / Referees) DasSporkMeister: lol
(45:07 / Referees) DasSporkMeister: mage down
(45:07 / Referees) Goonswithspoons: ahhahaha
(45:09 / Referees) Goonswithspoons: oh
(45:10 / Referees) Goonswithspoons: wow
(45:15 / Referees) DasSporkMeister: pro play
(45:17 / Referees) DasSporkMeister: 2008
(45:20 / Referees) Goonswithspoons: oh fuck
(45:30 / Referees) Goonswithspoons: ahahaha
(45:45 / Referees) Goonswithspoons: BS almost back up
(46:07 / Referees) DasSporkMeister: gg
(46:09 / Referees) Goonswithspoons: woot
(46:11 / Referees) Goonswithspoons: gg
(46:21 / All) erz: gg